[Event "Titled Tuesday Blitz August 31 2021"]
[White "Boyer, Mahel"]
[Black "Bryakin, Mikhail"]
[WhiteFideId "45102422"]
[BlackFideId "4165314"]
[WhiteElo "2328"]
[BlackElo "2336"]
[Result "1/2-1/2"]
[Round "05"]
[TimeControl "180+1"]
[Date "2021.08.31"]
[WhiteClock "0:00:09"]
[BlackClock "0:02:31"]

1. d4 Nf6 2. Nf3 g6 3. e3 Bg7 4. Be2 O-O 5. O-O c5 6. dxc5 Qa5 7. a3 Qxc5 8. c4 Qc7 9. Nc3 b6 10. b4 Bb7 11. Bb2 d6 12. Qb3 Nbd7 13. Rfd1 Rac8 14. Rac1 Qb8 15. Nd4 Qa8 16. Bf1 a6 17. h3 Rfd8 18. Na4 e6 19. Nc3 d5 20. cxd5 Nxd5 21. Nxd5 Bxd5 22. Qa4 b5 23. Qa5 Ne5 24. a4 Nc4 25. Bxc4 bxc4 26. f3 e5 27. Ne2 Bxf3 28. gxf3 Rxd1+ 29. Rxd1 Qxf3 30. Rd8+ Rxd8 31. Qxd8+ Bf8 32. Qd2 Qxh3 33. Bxe5 Bxb4 34. Qd8+ Bf8 35. Qf6 Qxe3+ 36. Kf1 Qh3+ 37. Kf2 Qf5+ 38. Qxf5 gxf5 39. Ng3 Bg7 40. Bxg7 Kxg7 41. Nxf5+ Kf6 42. Nd6 Ke5 43. Nxc4+ Kd4 44. Nd6 Kc5 45. Nxf7 Kb4 46. Ke3 Kxa4 47. Kd3 Kb3 48. Ng5 h5 49. Nf3 a5 50. Kd2 Kb2 51. Ne1 a4 52. Nd3+ Kb1 53. Kc3 a3 54. Nb4 a2 55. Nxa2 Kxa2 56. Kd3 h4 57. Ke3 h3 58. Kf3 h2 59. Kg2 h1=Q+ 60. Kxh1 1/2-1/2


[Site "https://www.chess.com"]

[Event "Titled Tuesday Blitz August 31 2021"]
[White "Buscar, Michael"]
[Black "Solon, Nathan"]
[WhiteFideId "2603616"]
[BlackFideId "2017229"]
[WhiteElo "2010"]
[BlackElo "2663"]
[Result "1-0"]
[Round "05"]
[TimeControl "180+1"]
[Date "2021.08.31"]
[WhiteClock "0:00:08"]
[BlackClock "0:00:12"]

1. d4 Nf6 2. c4 e6 3. Nc3 Bb4 4. e3 O-O 5. Bd3 d5 6. Nf3 dxc4 7. Bxc4 c5 8. O-O Nc6 9. a3 Ba5 10. d5 Bxc3 11. dxc6 Ba5 12. Qa4 Qc7 13. b4 cxb4 14. axb4 Bb6 15. b5 Ne4 16. Bb2 Nc5 17. Qa3 bxc6 18. Be5 Qb7 19. Bd6 cxb5 20. Bxb5 Bd7 21. Bxf8 Rxf8 22. Bxd7 Nxd7 23. Rfb1 h6 24. Nd4 Ne5 25. Nb5 Nc6 26. Nd6 Qe7 27. Nc4 Bc5 28. Qa6 Nb4 29. Qb5 Rd8 30. Ne5 Qd6 31. Nf3 Nd5 32. Qc4 Bb6 33. Nd4 Qd7 34. Nb5 Rc8 35. Qe2 Qc6 36. h3 Qd7 37. Rd1 Qe7 38. Rac1 Rb8 39. Nd4 f5 40. Nc6 1-0


[Site "https://www.chess.com"]

[Event "Titled Tuesday Blitz August 31 2021"]
[White "Chasin, Nico"]
[Black "Shreyans, K. Shah"]
[WhiteFideId "30908477"]
[BlackFideId "5029074"]
[WhiteElo "2065"]
[BlackElo "1805"]
[Result "1-0"]
[Round "05"]
[TimeControl "180+1"]
[Date "2021.08.31"]
[WhiteClock "0:02:06"]
[BlackClock "0:01:43"]

1. d4 Nf6 2. c4 g6 3. Nc3 Bg7 4. e4 d6 5. Nf3 Nbd7 6. Be2 e5 7. O-O exd4 8. Nxd4 O-O 9. f3 Nc5 10. Be3 a5 11. Nb3 b6 12. Nd4 Ne6 13. Nc6 Qe8 14. Nd4 Bb7 15. Rc1 Qd8 16. Qd2 Nd7 17. Rfd1 Ndc5 18. Nd5 Qd7 19. b3 Nxd4 20. Bxd4 Bxd4+ 21. Qxd4 Ne6 22. Nf6+ 1-0


[Site "https://www.chess.com"]

[Event "Titled Tuesday Blitz August 31 2021"]
[White "Chos, Alexey"]
[Black "Mokshanov, Alexey"]
[WhiteFideId "14117762"]
[BlackFideId "24121657"]
[WhiteElo "2234"]
[BlackElo "2262"]
[Result "1-0"]
[Round "05"]
[TimeControl "180+1"]
[Date "2021.08.31"]
[WhiteClock "0:00:21"]
[BlackClock "0:00:01"]

1. d4 d5 2. Nf3 Nf6 3. c4 e6 4. g3 dxc4 5. Bg2 a6 6. O-O Nc6 7. e3 Rb8 8. Nfd2 e5 9. Nxc4 exd4 10. Bxc6+ bxc6 11. exd4 Be6 12. Re1 Be7 13. Ne5 Bd5 14. Nc3 O-O 15. Nxd5 Qxd5 16. Nxc6 Qxc6 17. Rxe7 Rfd8 18. Re1 Rb4 19. Qe2 Rbxd4 20. Bg5 h6 21. Rac1 Qb6 22. Be3 c5 23. Bxd4 cxd4 24. Red1 h5 25. h3 h4 26. g4 Qd6 27. Qf3 Nd7 28. Qe4 Nc5 29. Qf5 Ne6 30. Rd2 Nf4 31. g5 g6 32. Qg4 d3 33. Rc4 Ne2+ 34. Kg2 Qd5+ 35. Kh2 Qe5+ 36. Kg2 Qd5+ 37. f3 Ng3 38. Rc3 Qe5 39. Qxh4 Qe1 40. Rcxd3 Rxd3 41. Rxd3 Qe2+ 42. Kxg3 Qxd3 43. Qf4 Qb1 44. Qb8+ Kh7 45. Qf4 Qg1+ 46. Kh4 Qf2+ 47. Qg3 Qxb2 48. a4 Qd4+ 49. f4 Qxa4 50. Qe3 Qc2 51. Kg3 Qc4 52. Qa7 1-0


[Site "https://www.chess.com"]

[Event "Titled Tuesday Blitz August 31 2021"]
[White "Costachi, Mihnea"]
[Black "Wachinger, Guenther"]
[WhiteFideId "1217518"]
[BlackFideId "4604261"]
[WhiteElo "2482"]
[BlackElo "2212"]
[Result "1-0"]
[Round "05"]
[TimeControl "180+1"]
[Date "2021.08.31"]
[WhiteClock "0:00:32"]
[BlackClock "0:00:01"]

1. d4 d5 2. c4 e6 3. Nc3 c6 4. cxd5 exd5 5. Nf3 Nf6 6. Bg5 h6 7. Bh4 Bb4 8. Qc2 g5 9. Bg3 Ne4 10. e3 Qa5 11. Rc1 Qxa2 12. Bd3 Bxc3+ 13. bxc3 Qxc2 14. Rxc2 Bf5 15. Bxe4 Bxe4 16. Rb2 b5 17. O-O Bxf3 18. gxf3 a5 19. e4 dxe4 20. fxe4 Kd7 21. c4 b4 22. Ra1 c5 23. dxc5 Nc6 24. Rd2+ Ke7 25. Rd6 Rhc8 26. Rxh6 b3 27. Bd6+ Ke8 28. Rd1 a4 29. Rh8+ Kd7 30. Be5+ Ke7 31. Bd6+ Kf6 32. Rh3 Ne5 33. Bxe5+ Kxe5 34. Rd5+ Kxe4 35. Rhd3 Re8 36. Kg2 Kf4 37. Rf3+ Kg4 38. Rg3+ Kh5 39. Rdxg5+ Kh6 40. f4 Re2+ 41. Kg1 Re1+ 42. Kf2 1-0


[Site "https://www.chess.com"]

[Event "Titled Tuesday Blitz August 31 2021"]
[White "Csonka, Balazs"]
[Black "Vachier-Lagrave, Maxime"]
[WhiteFideId "742910"]
[BlackFideId "623539"]
[WhiteElo "2404"]
[BlackElo "2850"]
[Result "0-1"]
[Round "05"]
[TimeControl "180+1"]
[Date "2021.08.31"]
[WhiteClock "0:00:01"]
[BlackClock "0:01:00"]

1. e4 e6 2. d4 d5 3. e5 c5 4. c3 Nc6 5. Nf3 Qb6 6. Be2 cxd4 7. cxd4 Nh6 8. Bxh6 Qxb2 9. Nbd2 gxh6 10. O-O Bd7 11. Rb1 Qxa2 12. Rxb7 Rb8 13. Qa1 Qxa1 14. Rxb8+ Nxb8 15. Rxa1 Bb4 16. Rxa7 O-O 17. Rb7 Bc3 18. Nf1 Rc8 19. Ng3 Bc6 20. Rb1 Ba5 21. h3 Nd7 22. Nh5 Bd8 23. Nh2 Ra8 24. Ng4 Ra4 25. Bb5 Bxb5 26. Rxb5 Kf8 27. Rb7 Nb6 28. Nhf6 Ra8 29. Nxh7+ Kg7 30. Nhf6 Nc4 31. Ne8+ Kg6 32. Nd6 h5 33. Ne3 Nxd6 34. exd6 Ra6 35. Rd7 Bf6 36. Nc2 Rc6 37. Nb4 Rc1+ 38. Kh2 Bxd4 39. Nd3 h4 40. Nf4+ Kf6 41. Nh5+ Kg5 42. g4 hxg3+ 43. Nxg3 Rc6 0-1


[Site "https://www.chess.com"]

[Event "Titled Tuesday Blitz August 31 2021"]
[White "Dang, Hoang Son"]
[Black "Hryshchenko, Kamila"]
[WhiteFideId "12402435"]
[BlackFideId "14147491"]
[WhiteElo "2248"]
[BlackElo "1936"]
[Result "1-0"]
[Round "05"]
[TimeControl "180+1"]
[Date "2021.08.31"]
[WhiteClock "0:00:11"]
[BlackClock "0:00:02"]

1. d4 Nf6 2. c4 g6 3. Nf3 Bg7 4. g3 d6 5. Bg2 O-O 6. O-O c6 7. Nc3 Nbd7 8. e4 e5 9. Re1 h6 10. b3 a5 11. Ba3 exd4 12. Nxd4 Nc5 13. e5 Ng4 14. exd6 Qxd6 15. Nxc6 Qxd1 16. Ne7+ Kh7 17. Rexd1 Bxc3 18. Bxc5 Bxa1 19. Rxa1 Re8 20. Nd5 Be6 21. Nc7 Rec8 22. Bb6 a4 23. Nxe6 axb3 24. Nd4 b2 25. Rb1 Rxa2 26. Nc2 Ne5 27. c5 Nc4 28. Bd5 Nxb6 29. Bxa2 Na4 30. Bb3 Nxc5 31. Bxf7 Nd3 32. Na3 Rc1+ 33. Kg2 Rc3 34. Nc4 b5 35. Nxb2 Nxb2 36. Rxb2 Rc7 37. Bd5 Rd7 38. Rxb5 1-0


[Site "https://www.chess.com"]

[Event "Titled Tuesday Blitz August 31 2021"]
[White "Danielian, Vardan"]
[Black "Shimelkov, Vasiliy"]
[WhiteFideId "13301594"]
[BlackFideId "13701630"]
[WhiteElo "2518"]
[BlackElo "2073"]
[Result "1/2-1/2"]
[Round "05"]
[TimeControl "180+1"]
[Date "2021.08.31"]
[WhiteClock "0:00:16"]
[BlackClock "0:00:06"]

1. Nf3 d5 2. g3 Nf6 3. Bg2 g6 4. O-O Bg7 5. d4 O-O 6. c4 c6 7. cxd5 cxd5 8. Ne5 Nc6 9. Nc3 Bf5 10. Bf4 Qb6 11. Na4 Qa5 12. Nxc6 bxc6 13. Rc1 Rac8 14. Be5 Be4 15. b3 Rfd8 16. e3 Bxg2 17. Kxg2 Ne4 18. Bxg7 Kxg7 19. Qc2 e6 20. Rfd1 Rd7 21. Nc3 Nxc3 22. Qxc3 Qxa2 23. Ra1 Qe2 24. Rd2 Qb5 25. Rda2 Rcc7 26. Ra5 Qb6 27. b4 h5 28. h4 Re7 29. Qc5 Qxc5 30. bxc5 f6 31. Rb1 e5 32. Rb8 exd4 33. exd4 Re4 34. Ra8 Rxd4 35. R5xa7 Rxa7 36. Rxa7+ Kf8 37. Rc7 Rc4 38. Rxc6 Ke7 39. Rc7+ Ke6 40. Rc6+ Ke5 41. Kf3 Rc3+ 42. Ke2 d4 43. Rc8 Rc2+ 44. Kf3 d3 45. Rd8 d2 46. c6 Rc3+ 47. Ke2 Rxc6 48. Rxd2 Ke4 49. f3+ Ke5 1/2-1/2


[Site "https://www.chess.com"]

[Event "Titled Tuesday Blitz August 31 2021"]
[White "De Silva, L M S T"]
[Black "Reprintsev, Alexander"]
[WhiteFideId "9953698"]
[BlackFideId "14100541"]
[WhiteElo "1621"]
[BlackElo "2126"]
[Result "1-0"]
[Round "05"]
[TimeControl "180+1"]
[Date "2021.08.31"]
[WhiteClock "0:00:44"]
[BlackClock "0:00:05"]

1. e4 d5 2. exd5 Qxd5 3. Nc3 Qa5 4. d4 Nf6 5. Bd2 Bg4 6. Be2 Bxe2 7. Ngxe2 e6 8. O-O Nbd7 9. a4 Qh5 10. Nb5 Bd6 11. h3 O-O 12. Bf4 Bxf4 13. Nxf4 Qxd1 14. Rfxd1 Rfc8 15. c4 a6 16. Nc3 Rd8 17. a5 h6 18. d5 exd5 19. Nfxd5 c6 20. Nb6 Nxb6 21. axb6 Kf8 22. Na4 Nd7 23. Rd2 Ne5 24. Rad1 Rxd2 25. Rxd2 Nxc4 26. Rd7 Rb8 27. b3 Ne5 28. Rc7 Nd3 29. Rd7 Ne5 30. Nc5 a5 31. Rc7 Rd8 32. Nxb7 Rd3 33. Nc5 Rd1+ 34. Kh2 a4 35. b7 g5 36. b8=Q+ 1-0


[Site "https://www.chess.com"]

[Event "Titled Tuesday Blitz August 31 2021"]
[White "Demidov, Mikhail"]
[Black "Kollars, Dmitrij"]
[WhiteFideId "4197143"]
[BlackFideId "12909572"]
[WhiteElo "2559"]
[BlackElo "2576"]
[Result "0-1"]
[Round "05"]
[TimeControl "180+1"]
[Date "2021.08.31"]
[WhiteClock "0:00:02"]
[BlackClock "0:00:11"]

1. Nf3 d5 2. d4 Nf6 3. Bf4 c5 4. dxc5 Nc6 5. e3 e6 6. Be2 Bxc5 7. O-O O-O 8. c4 dxc4 9. Bxc4 Qe7 10. Nc3 h6 11. Bg3 Nh5 12. Bh4 g5 13. Nd2 Ng7 14. Bg3 Nf5 15. Nde4 Nxg3 16. hxg3 Bb6 17. Qh5 Kg7 18. Rad1 Bd7 19. Nf6 Qxf6 20. Rxd7 Ne5 21. Ne4 Qg6 22. Qxg6+ Kxg6 23. Bxe6 fxe6 24. Rxb7 Rf7 25. Rxf7 Kxf7 26. Rc1 Ke7 27. Kf1 Nd7 28. Ke2 Nf6 29. Nd2 Rf8 30. Rh1 h5 31. b3 g4 32. Rc1 Ba5 33. Nc4 Bc7 34. Nd2 Kd7 35. Rc4 a5 36. Rd4+ Kc6 37. Rc4+ Kb7 38. Rc1 Rd8 39. Nc4 Rd5 40. Nd2 Bd6 41. Rc2 Bb4 42. Nc4 Ne4 43. f3 gxf3+ 44. gxf3 Nxg3+ 45. Kf2 h4 46. Rc1 Rh5 47. Kg2 Nf5 48. Kh3 Nxe3 49. Nxe3 Bd2 50. Rc4 Bxe3 0-1


[Site "https://www.chess.com"]

[Event "Titled Tuesday Blitz August 31 2021"]
[White "Do Valle Cardoso, Lucas"]
[Black "Malka, Samuel"]
[WhiteFideId "2163144"]
[BlackFideId "20643675"]
[WhiteElo "2387"]
[BlackElo "2446"]
[Result "1-0"]
[Round "05"]
[TimeControl "180+1"]
[Date "2021.08.31"]
[WhiteClock "0:01:17"]
[BlackClock "0:00:14"]

1. e4 c5 2. Nf3 e6 3. Nc3 Nc6 4. d4 cxd4 5. Nxd4 Nf6 6. Be2 Bb4 7. O-O Bxc3 8. bxc3 Nxe4 9. Bd3 Nxc3 10. Qg4 Nxd4 11. Qxg7 Nde2+ 12. Kh1 Rf8 13. Bh6 Qe7 14. Rfe1 f5 15. Bxe2 Nxe2 16. Qxf8+ Qxf8 17. Bxf8 Kxf8 18. Rxe2 b6 19. Kg1 Bb7 20. f3 Rc8 21. a4 Bc6 22. a5 b5 23. a6 Kf7 24. Kf2 Rb8 25. Rd2 Ke7 26. Rd4 Kf6 27. Rh4 Kg6 28. Rb4 Rb6 29. c4 Rb8 30. cxb5 Rxb5 31. Rxb5 Bxb5 32. Rb1 Bxa6 33. Ra1 Bb5 34. Rxa7 Bc6 35. g3 Kf6 36. f4 Kg6 37. Ke3 h5 38. Rc7 Kf6 39. Rc8 Kg6 40. Rg8+ Kf6 41. Rg5 h4 42. gxh4 1-0


[Site "https://www.chess.com"]

[Event "Titled Tuesday Blitz August 31 2021"]
[White "Dong, Bao Nghia"]
[Black "Kobalia, Mikhail"]
[WhiteFideId "12400343"]
[BlackFideId "4119150"]
[WhiteElo "2409"]
[BlackElo "2569"]
[Result "0-1"]
[Round "05"]
[TimeControl "180+1"]
[Date "2021.08.31"]
[WhiteClock "0:01:37"]
[BlackClock "0:02:03"]

1. d4 Nf6 2. Bf4 c5 3. c3 Qb6 4. Qc1 cxd4 5. cxd4 Nc6 6. e3 d6 7. Nc3 Bf5 8. a3 e5 9. dxe5 dxe5 10. Bg5 Ne4 11. Nxe4 Bxe4 12. Ne2 Na5 13. Qc3 f6 14. Bh4 Bf5 15. Ng3 Rc8 16. Qd2 Nb3 17. Qd1 Qa5+ 18. Ke2 Bc2 19. Qe1 Qa4 20. f4 Nxa1 21. Qxa1 exf4 0-1


[Site "https://www.chess.com"]

[Event "Titled Tuesday Blitz August 31 2021"]
[White "Dzagnidze, Nana"]
[Black "Batsuren, Dambasuren"]
[WhiteFideId "13601903"]
[BlackFideId "4902920"]
[WhiteElo "2391"]
[BlackElo "2371"]
[Result "0-1"]
[Round "05"]
[TimeControl "180+1"]
[Date "2021.08.31"]
[WhiteClock "0:00:02"]
[BlackClock "0:00:04"]

1. d4 Nf6 2. c4 a6 3. Nc3 c5 4. Nf3 cxd4 5. Nxd4 d6 6. g3 e6 7. Bg2 Be7 8. O-O O-O 9. b3 Qc7 10. Bb2 Nc6 11. Rc1 Nxd4 12. Qxd4 Bd7 13. Rfd1 Rfd8 14. h3 Rac8 15. g4 h6 16. Ne4 Bc6 17. e3 Qa5 18. a3 d5 19. b4 Qc7 20. Ng3 dxc4 21. Qxc4 Rxd1+ 22. Rxd1 Bxg2 23. Qxc7 Rxc7 24. Kxg2 Nd5 25. Rd2 Bf6 26. Bxf6 gxf6 27. Ne4 b6 28. Kf3 Kg7 29. h4 Rc1 30. Ra2 Rc4 31. Nd6 Rc3 32. h5 Kf8 33. Ne4 Rb3 34. Nd2 Rd3 35. Nc4 b5 36. Na5 Ke7 37. Nc6+ Kd6 38. Nd4 Rc3 39. Ne2 Rc4 40. Rd2 Ke5 41. Rb2 f5 42. gxf5 exf5 43. Rd2 Nf6 44. Rd8 Ne4 45. Re8+ Kf6 46. Ra8 Rc6 47. Nd4 Rc1 48. Rxa6+ Kg5 49. Nxb5 Rc2 50. Kg2 Rxf2+ 51. Kg1 Kg4 52. Nd4 Kg3 53. Ra8 Ra2 54. Nxf5+ Kf3 55. Nd4+ Kxe3 56. Nf5+ Kf3 57. Nxh6 Ra1+ 58. Kh2 Nf2 59. Nxf7 Rh1# 0-1


[Site "https://www.chess.com"]

[Event "Titled Tuesday Blitz August 31 2021"]
[White "Farahat, Ali"]
[Black "Jarovinsky, Alexey"]
[WhiteFideId "10600507"]
[BlackFideId "14115131"]
[WhiteElo "2321"]
[BlackElo "2446"]
[Result "0-1"]
[Round "05"]
[TimeControl "180+1"]
[Date "2021.08.31"]
[WhiteClock "0:00:22"]
[BlackClock "0:00:08"]

1. e4 Nc6 2. Nf3 d6 3. d4 Bg4 4. d5 Nb8 5. h3 Bxf3 6. Qxf3 Nd7 7. c4 g6 8. h4 h5 9. Nc3 Bg7 10. g3 Ngf6 11. Bh3 c6 12. Qe2 cxd5 13. cxd5 a6 14. Bg5 Rc8 15. e5 Nxe5 16. Bxc8 Qxc8 17. Bxf6 Bxf6 18. Ne4 O-O 19. Nxf6+ exf6 20. Kf1 Qc5 21. Rd1 f5 22. Kg2 Qb4 23. Rc1 f4 24. a3 Qd4 25. Rhd1 f3+ 26. Qxf3 Nxf3 27. Rxd4 Nxd4 28. Rc7 Rb8 29. f3 Nf5 30. Kh3 Ne3 31. Rd7 Nxd5 32. Rxd6 Ne7 33. Rd7 Kf8 34. g4 Ke8 35. Rc7 Kd8 36. Rc2 Rc8 37. Rd2+ Ke8 38. Re2 Rc5 39. Kg3 Kf8 40. Kf4 Nc6 41. Rd2 Ke7 42. Re2+ Kd6 43. Rd2+ Rd5 44. Rc2 Nd4 45. Rc8 Ne6+ 46. Ke3 Rb5 47. b4 a5 48. bxa5 Rxa5 49. Rc3 Ra4 50. Rb3 Nc5 51. Rb6+ Ke7 52. gxh5 gxh5 53. Kf2 Rxa3 54. Rb5 Rc3 55. Kg3 Kd6 56. Rb6+ Kc7 57. Rh6 Ne6 58. Rxh5 Kd6 59. Rb5 Nc5 60. Rb6+ Kc7 61. Rf6 b5 62. Rxf7+ Kc6 63. Rf4 Kd5 64. Rf8 Kc4 65. Rd8 Rc1 66. Rb8 b4 67. h5 b3 68. h6 Rh1 69. Rh8 b2 70. Rb8 b1=Q 71. Rb4+ Qxb4 72. h7 Qe1+ 73. Kf4 Rxh7 74. Kg4 Rf7 75. f4 Qg1+ 76. Kf3 Qf1+ 77. Kg4 Qb1 78. Kg5 Qb4 79. f5 Qb5 80. f6 Qd7 81. Kg6 Qe6 0-1


[Site "https://www.chess.com"]

[Event "Titled Tuesday Blitz August 31 2021"]
[White "Florescu, Codrut-Constantin"]
[Black "Eljanov, Pavel"]
[WhiteFideId "1202200"]
[BlackFideId "14102951"]
[WhiteElo "2243"]
[BlackElo "2602"]
[Result "0-1"]
[Round "05"]
[TimeControl "180+1"]
[Date "2021.08.31"]
[WhiteClock "0:00:15"]
[BlackClock "0:00:43"]

1. d4 d5 2. c4 e6 3. Nf3 Nf6 4. Nc3 c6 5. e3 Nbd7 6. Be2 dxc4 7. a4 Bd6 8. Nd2 O-O 9. Nxc4 Bc7 10. O-O e5 11. e4 exd4 12. Qxd4 Ne5 13. Qxd8 Rxd8 14. Bg5 Be6 15. Ne3 h6 16. Bxf6 gxf6 17. Rfd1 Bb3 18. Rxd8+ Rxd8 19. Nf5 Kh7 20. Bd1 Be6 21. b4 Nd3 22. b5 Bb6 23. Be2 Nxf2 24. Kf1 Nxe4 25. Nxe4 Bxf5 26. Bf3 cxb5 27. axb5 Kg7 28. Ke2 Be6 29. Rc1 Rd4 30. Ng3 Bc4+ 31. Ke1 Ba5+ 32. Kf2 Rd2+ 33. Ke3 Rd3+ 34. Ke4 Rc3 35. Nf5+ Kh7 36. Rxc3 Bxc3 37. Nd6 Bf1 38. Nxb7 Bxb5 39. Nd6 Bc6+ 40. Kd3 Bxf3 41. gxf3 Be5 42. Nxf7 Bc7 0-1


[Site "https://www.chess.com"]

[Event "Titled Tuesday Blitz August 31 2021"]
[White "Garcia Garcia, Alejandro"]
[Black "Nasuta, Grzegorz"]
[WhiteFideId "3516334"]
[BlackFideId "1141686"]
[WhiteElo "2131"]
[BlackElo "2320"]
[Result "0-1"]
[Round "05"]
[TimeControl "180+1"]
[Date "2021.08.31"]
[WhiteClock "0:00:07"]
[BlackClock "0:00:20"]

1. Nf3 c5 2. g3 d5 3. Bg2 Nf6 4. O-O e6 5. d4 cxd4 6. Nxd4 e5 7. Nb3 Be6 8. Nc3 Be7 9. Bg5 Nbd7 10. e4 d4 11. Ne2 O-O 12. c3 dxc3 13. Nxc3 h6 14. Bxf6 Nxf6 15. Qe2 Qb6 16. Nd5 Bxd5 17. exd5 Nd7 18. Kh1 Bd6 19. Rab1 g6 20. Nd2 Rac8 21. Nc4 Qa6 22. Qg4 Rxc4 23. Qxd7 Rc7 24. Qh3 Kg7 25. a3 Qe2 26. Qh4 Rc4 27. Qh3 f5 28. b4 Rfc8 29. Rbe1 Qb2 30. Re3 Rc1 31. Kg1 R1c3 32. g4 f4 33. Rxc3 Rxc3 34. Qh4 g5 35. Qh5 f3 36. Bh1 Qe2 37. Qe8 Qxf1+ 0-1


[Site "https://www.chess.com"]

[Event "Titled Tuesday Blitz August 31 2021"]
[White "Gerzhoy, Leonid"]
[Black "Bortnyk, Olexandr"]
[WhiteFideId "2806126"]
[BlackFideId "14120828"]
[WhiteElo "2613"]
[BlackElo "2723"]
[Result "0-1"]
[Round "05"]
[TimeControl "180+1"]
[Date "2021.08.31"]
[WhiteClock "0:00:10"]
[BlackClock "0:00:18"]

1. d4 f5 2. Nf3 Nf6 3. Bg5 Ne4 4. Bh4 c6 5. Nbd2 d5 6. e3 Be6 7. Nxe4 fxe4 8. Nd2 g6 9. c4 a6 10. cxd5 cxd5 11. Be2 Bg7 12. O-O O-O 13. f3 exf3 14. Nxf3 Nc6 15. Ng5 Bf5 16. Bd3 Qd7 17. Bxf5 Rxf5 18. Rxf5 Qxf5 19. Qf3 Qxf3 20. Nxf3 h6 21. Rc1 e6 22. Bg3 a5 23. Ne5 Bxe5 24. Bxe5 a4 25. Kf2 Ra5 26. Ke2 Rb5 27. Rc2 Kf7 28. g4 Nxe5 29. dxe5 Rb4 30. h3 Ke8 31. Kd3 Kd7 32. Rf2 g5 33. Rf7+ Kd8 34. Rf2 Ke7 35. Rc2 b5 36. a3 Re4 37. Rc7+ Kd8 38. Rb7 Rxe5 39. Rxb5 Re4 40. Rc5 Kd7 41. Rc2 h5 42. gxh5 Rh4 43. Rg2 Rxh5 44. Rg3 Kd6 45. e4 Ke5 46. exd5 exd5 47. Ke3 d4+ 48. Kd3 Kf4 49. Rg4+ Kf5 50. Rg3 Ke5 51. Rf3 Rh8 52. Rg3 Kf4 53. Rg4+ Kf5 54. Rxd4 Rxh3+ 55. Kc4 Rh4 0-1


[Site "https://www.chess.com"]

[Event "Titled Tuesday Blitz August 31 2021"]
[White "Goltsev, Dmitry"]
[Black "Indjic, Aleksandar"]
[WhiteFideId "24176710"]
[BlackFideId "911925"]
[WhiteElo "2369"]
[BlackElo "2643"]
[Result "1/2-1/2"]
[Round "05"]
[TimeControl "180+1"]
[Date "2021.08.31"]
[WhiteClock "0:00:08"]
[BlackClock "0:00:15"]

1. e4 Nf6 2. e5 Nd5 3. d4 d6 4. c4 Nb6 5. exd6 exd6 6. Nc3 Be7 7. Bd3 Nc6 8. Nge2 a5 9. a3 O-O 10. O-O Bf6 11. Be3 Bg4 12. f3 Bh5 13. Bf2 Bg6 14. Ne4 d5 15. Nxf6+ Qxf6 16. c5 Nc8 17. Bb5 Nd8 18. Bg3 c6 19. Ba4 Ne6 20. Be5 Qd8 21. Re1 Re8 22. Nf4 Nf8 23. Nxg6 hxg6 24. Bc2 b6 25. b4 b5 26. Qd2 Re7 27. Bf4 axb4 28. axb4 Rea7 29. Qc3 Ne6 30. Be3 Ne7 31. Rxa7 Rxa7 32. Ra1 Qa8 33. Rxa7 Qxa7 34. g4 g5 35. Bf5 Nf4 36. Bxf4 gxf4 37. Bc2 Qa2 38. Qd2 Ng6 39. h4 Kf8 40. h5 Nh4 41. Qxf4 Qxc2 42. Qb8+ Ke7 43. Qd6+ Ke8 44. Qxc6+ Ke7 45. Qd6+ Ke8 46. Qb8+ Ke7 47. Qc7+ Ke8 48. Qe5+ Kf8 49. Qb8+ Ke7 50. Qd6+ Ke8 51. Qb8+ Ke7 1/2-1/2


[Site "https://www.chess.com"]

[Event "Titled Tuesday Blitz August 31 2021"]
[White "Grebeniuk, Semen"]
[Black "Ponikarovsky, Alexey"]
[WhiteFideId "14117509"]
[BlackFideId "4122887"]
[WhiteElo "2221"]
[BlackElo "1944"]
[Result "0-1"]
[Round "05"]
[TimeControl "180+1"]
[Date "2021.08.31"]
[WhiteClock "0:00:01"]
[BlackClock "0:00:46"]

1. Nf3 c5 2. e3 e6 3. b3 d5 4. Bb2 Nf6 5. c4 Be7 6. cxd5 exd5 7. Be2 O-O 8. O-O Nc6 9. d4 cxd4 10. Nxd4 Be6 11. Nc3 Qd7 12. Rc1 Rac8 13. Na4 Nxd4 14. Qxd4 b6 15. Rfd1 Rxc1 16. Rxc1 Rc8 17. Rxc8+ Qxc8 18. h3 h6 19. Bd3 Qd7 20. Bb1 Bf5 21. Bd3 Bxd3 22. Qxd3 Ne4 23. Nc3 Nxc3 24. Qxc3 Bf6 25. Qd2 Bxb2 26. Qxb2 Qc6 27. g3 g6 28. h4 Qe6 29. Qd4 Qe4 30. Qd2 a5 31. Qe2 d4 32. Qd2 d3 33. Qc3 Qd5 34. Qd2 b5 35. Kh2 a4 36. bxa4 bxa4 37. g4 Qc4 38. Kg3 Qc2 39. Qb4 d2 40. Qb8+ Kh7 41. Qf4 Qxa2 42. Qd4 a3 43. h5 Qb2 44. hxg6+ Kxg6 45. Qd8 Kg7 46. g5 hxg5 47. Qxg5+ Kh7 48. Qf5+ Kg8 49. Qc8+ Kg7 50. Qg4+ Kf6 51. Qf4+ Ke6 52. Qg4+ Kd5 53. Qf3+ Kc5 54. Qf5+ Kb4 55. Qf6 Qxf6 0-1


[Site "https://www.chess.com"]

[Event "Titled Tuesday Blitz August 31 2021"]
[White "Gunina, Valentina"]
[Black "Abdurakhmonov, Mukhammadali"]
[WhiteFideId "4167570"]
[BlackFideId "14207346"]
[WhiteElo "2399"]
[BlackElo "2266"]
[Result "0-1"]
[Round "05"]
[TimeControl "180+1"]
[Date "2021.08.31"]
[WhiteClock "0:00:02"]
[BlackClock "0:00:11"]

1. d4 Nf6 2. c4 c5 3. d5 g6 4. Nc3 Bg7 5. e4 d6 6. Nf3 O-O 7. Bd3 e6 8. O-O exd5 9. cxd5 Bg4 10. h3 Bxf3 11. Qxf3 Nbd7 12. Bf4 Qe7 13. Qg3 Ne8 14. Bg5 Bf6 15. Bd2 a6 16. a4 Rc8 17. Rae1 c4 18. Bc2 Nc7 19. Re2 b5 20. axb5 axb5 21. f4 b4 22. Nd1 Nxd5 23. Qf3 Nc7 24. Bxb4 Ne6 25. e5 Nd4 26. Qf2 Nxe2+ 27. Qxe2 Nc5 28. Ne3 Bg7 29. Nd5 Qb7 30. Qf3 Qa7 31. Kh1 dxe5 32. fxe5 Bxe5 33. Nf6+ Kg7 34. Ng4 Bd4 35. Qf4 Ne6 36. Qh6+ Kg8 37. Bxf8 Rxf8 38. b3 Bg7 39. Qd2 c3 40. Qd3 Rd8 41. Qc4 Qe7 42. Be4 h5 43. Nf2 Qc5 44. Bd5 Qxd5 0-1


[Site "https://www.chess.com"]

[Event "Titled Tuesday Blitz August 31 2021"]
[White "Hansen, Eric"]
[Black "Khanin, Semen"]
[WhiteFideId "2606771"]
[BlackFideId "4111990"]
[WhiteElo "2568"]
[BlackElo "2521"]
[Result "1-0"]
[Round "05"]
[TimeControl "180+1"]
[Date "2021.08.31"]
[WhiteClock "0:00:31"]
[BlackClock "0:00:17"]

1. e4 e5 2. Nf3 Nc6 3. Bb5 a6 4. Ba4 Nf6 5. O-O Nxe4 6. d4 Be7 7. d5 Nc5 8. c3 Nxa4 9. Qxa4 Nb8 10. Nxe5 O-O 11. Re1 d6 12. Nf3 Nd7 13. Be3 b5 14. Qb3 Bb7 15. c4 Rb8 16. Nc3 Bf6 17. Rad1 bxc4 18. Qxc4 Ne5 19. Nxe5 Bxe5 20. Ba7 Rc8 21. Bd4 Qh4 22. g3 Qg4 23. Re4 Qf3 24. Bxe5 dxe5 25. Rxe5 h6 26. Qe4 Qf6 27. Qd4 Rcd8 28. Rde1 c6 29. Ne4 Qf3 30. Re3 c5 31. Qd3 Qg4 32. Nxc5 Ba8 33. R3e4 Qc8 34. Qd4 f6 35. Rh5 g6 36. Re7 gxh5 37. Qe4 Rf7 38. Qg6+ 1-0


[Site "https://www.chess.com"]

[Event "Titled Tuesday Blitz August 31 2021"]
[White "Dronavalli, Harika"]
[Black "Perera Alfonso, Rene Humberto"]
[WhiteFideId "5015197"]
[BlackFideId "3514722"]
[WhiteElo "2422"]
[BlackElo "2313"]
[Result "0-1"]
[Round "05"]
[TimeControl "180+1"]
[Date "2021.08.31"]
[WhiteClock "0:00:20"]
[BlackClock "0:00:42"]

1. Nf3 d5 2. c4 c6 3. g3 Nf6 4. Bg2 dxc4 5. O-O g6 6. Na3 Bg7 7. Nxc4 O-O 8. d4 Be6 9. Nce5 Nbd7 10. b3 Nxe5 11. Nxe5 Ng4 12. Nxg4 Bxg4 13. Bb2 Qd7 14. Qd3 Rad8 15. Rfd1 e5 16. dxe5 Qxd3 17. Rxd3 Bxe2 18. Rxd8 Rxd8 19. Bc3 h5 20. Re1 Bg4 21. h3 Be6 22. Bf1 a5 23. Bxa5 Ra8 24. b4 Bxa2 25. f4 Be6 26. Rd1 Bf8 27. Bg2 Ra6 28. Bf1 Ra8 29. Bg2 c5 30. Bxb7 Rb8 31. Bd5 cxb4 32. Bxe6 fxe6 33. Bc7 Rb5 34. Bd6 b3 35. Bxf8 Kxf8 36. Kf2 b2 37. Rb1 Rb3 38. g4 h4 39. Ke2 Ke7 40. Kd2 Rxh3 41. Kc2 Rh2+ 42. Kb3 Rf2 43. Kc3 h3 44. Rh1 h2 45. Kb3 Rg2 46. Ka2 Rg1 47. Rxh2 b1=Q+ 0-1


[Site "https://www.chess.com"]